 Dungeon Crawl Stone Soup version 0.27.0-1-g7a089689b8 (webtiles) character file.

Game seed: 2049367960657790189

132130 ZombieSheep the Severer (level 16, -6/151 HPs)
             Began as a Minotaur Fighter on Aug 2, 2021.
             Was the Champion of Okawaru.
             Killed from afar by a deep elf zephyrmancer (30 damage)
             ... with a bolt of lightning
             ... on level 1 of the Elven Halls.
             The game lasted 01:16:42 (34367 turns).

ZombieSheep the Severer (Minotaur Fighter)         Turns: 34367, Time: 01:16:43

Health: -6/151     AC: 24    Str: 22    XL:     16   Next: 56%
Magic:  21/21      EV: 17    Int:  9    God:    Okawaru [******]
Gold:   1227       SH:  5    Dex: 21    Spells: 15/15 levels left

rFire    + + +     SeeInvis .   a - +9 executioner's axe of Mutualism {pain, rF+ Will+ Int+4}
rCold    + + .     Faith    .   (shield currently unavailable)
rNeg     + + +     Spirit   .   R - +3 chain mail {rC+}
rPois    .         Reflect  +   i - +2 hat
rElec    .         Harm     .   q - scarf {rC+ rF+}
rCorr    .         Rampage  .   G - +2 pair of gloves {Dex+3}
Will     +++..                  V - +0 pair of boots "Iquh Ceude" {rF+ rN+++ Will- Dex+2}
Stlth    ..........             Q - amulet "Tetim" {Reflect +Blink SH+5}
HPRegen  0.35/turn              o - ring of willpower
MPRegen  0.17/turn              Z - ring of willpower

@: lethally poisoned (-6 -> -16)
A: horns 2, retaliatory headbutt, beak, low mp 1, sense surroundings 1
a: Renounce Religion, Evoke Blink, Heroism, Finesse


You were on level 1 of the Elven Halls.
You worshipped Okawaru.
Okawaru was exalted by your worship.
You visited 6 branches of the dungeon, and saw 26 of its levels.
You visited 1 bazaar.

You collected 2760 gold pieces.
You spent 1533 gold pieces at shops.

Inventory:

Hand Weapons
 a - the +9 executioner's axe of Mutualism (weapon) {pain, rF+ Will+ Int+4}
   (Okawaru gifted it to you on level 13 of the Dungeon)

   In the hands of one skilled in necromantic magic, it inflicts extra damage on
   living creatures.
   Int:       It affects your intelligence (+4).
   rF:        It protects you from fire.
   Will:      It increases your willpower.
 b - a +2 whip of freezing
 w - a +2 vorpal battleaxe
 x - a +3 flail of holy wrath
 L - a +2 antimagic war axe
 U - the +4 great mace of Pietoef {flame, rPois rC+ Str+3 Int+2}
   (You bought it in a shop in a bazaar)

   It burns those it strikes, dealing additional fire damage.
   Str:       It affects your strength (+3).
   Int:       It affects your intelligence (+2).
   rC:        It protects you from cold.
   rPois:     It protects you from poison.
Missiles
 H - 2 throwing nets (quivered)
Armour
 i - a +2 hat (worn)
 q - a scarf of resistance (worn)
 G - a +2 pair of gloves of dexterity (worn)
 R - a +3 chain mail of cold resistance (worn)
 V - the +0 pair of boots "Iquh Ceude" (worn) {rF+ rN+++ Will- Dex+2}
   (Okawaru gifted it to you on level 2 of the Lair of Beasts)

   Dex:       It affects your dexterity (+2).
   rF:        It protects you from fire.
   rN:        It renders you almost immune to negative energy.
   Will:      It decreases your willpower.
 W - the +4 scale mail of Misanthropy {rPois}
   (You bought it in a shop in a bazaar)

   rPois:     It protects you from poison.
 X - the +5 ring mail of Teumm {rC+++}
   (You found it on level 4 of the Lair of Beasts)

   rC:        It renders you almost immune to cold.
Jewellery
 c - an amulet of regeneration
 g - a ring of see invisible
 j - a ring of positive energy
 o - a ring of willpower (left hand)
 u - a ring of protection from cold
 I - a ring of resist corrosion
 Q - the amulet "Tetim" (around neck) {Reflect +Blink SH+5}
   (You acquired it on level 1 of the Lair of Beasts)

   [amulet of reflection]

   It reflects blocked missile attacks.
   +Blink:    It lets you blink.
   SH:        It affects your SH (+5).
 Z - a ring of willpower (right hand)
Wands
 k - a wand of flame (71)
 s - a wand of charming (8)
 t - a wand of mindburst (20)
 y - a wand of paralysis (22)
 B - a wand of acid (33)
 J - a wand of iceblast (10)
 S - a wand of digging (2)
 T - a wand of polymorph (10)
Scrolls
 e - 5 scrolls of identify
 l - 10 scrolls of blinking
 n - 11 scrolls of teleportation
 v - 4 scrolls of magic mapping
 C - 2 scrolls of amnesia
 F - 2 scrolls of enchant armour
 M - 3 scrolls of fear
 N - a scroll of brand weapon
 P - a scroll of enchant weapon
Potions
 d - a potion of mutation
 f - 13 potions of curing
 h - 8 potions of lignification
 m - 4 potions of flight
 p - 4 potions of invisibility
 r - 5 potions of haste
 z - 3 potions of ambrosia
 A - 3 potions of brilliance
 D - 4 potions of berserk rage
 E - 5 potions of might
 K - a potion of cancellation
 O - 3 potions of heal wounds
 Y - 2 potions of resistance


   Skills:
 + Level 15.9 Fighting
 + Level 16.6 Axes
 + Level 16.0 Armour
 + Level 14.5 Dodging
 - Level 3.6 Shields
 + Level 11.5 Invocations
 - Level 10.0 Evocations


You had 15 spell levels left.
You didn't know any spells.
Your spell library contained the following spells:

 Spells                   Type           Power      Damage    Failure   Level
 Corona                   Hex            0%         N/A       88%         1
 Magic Dart               Conj           0%         1d3       88%         1
 Sandblast                Erth           0%         2d4       88%         1
 Summon Small Mammal      Summ           0%         N/A       88%         1
 Blink                    Tloc           N/A        N/A       95%         2
 Ensorcelled Hibernation  Hex/Ice        0%         N/A       95%         2
 Searing Ray              Conj           0%         3d3       95%         2
 Call Canine Familiar     Summ           0%         N/A       99%         3
 Lesser Beckoning         Tloc           0%         N/A       99%         3
 Summon Guardian Golem    Hex/Summ       0%         N/A       99%         3
 Tukima's Dance           Hex            0%         N/A       99%         3
 Animate Dead             Necr           0%         N/A       100%        4
 Fulminant Prism          Conj/Hex       0%         3d6       100%        4
 Iskenderun's Mystic Bla  Conj/Tloc      0%         2d3       100%        4
 Fireball                 Conj/Fire      0%         3d3       100%        5
 Iskenderun's Battlesphe  Conj           0%         2d6       100%        5
 Lee's Rapid Deconstruct  Erth           0%         3d5*      100%        5
 Manifold Assault         Tloc           0%         N/A       100%        5
 Conjure Ball Lightning   Conj/Air       0%         3x3d6     100%        6
 Iron Shot                Conj/Erth      0%         9d1       100%        6
 Starburst                Conj/Fire      0%         8x6d3     100%        6
 Haunt                    Necr/Summ      0%         N/A       100%        7
 Orb of Destruction       Conj           0%         N/A       100%        7
 Storm Form               Tmut/Air       0%         N/A       100%        7
 Infestation              Necr           0%         N/A       100%        8
 Chain Lightning          Conj/Air       0%         N/A       100%        9
 Fire Storm               Conj/Fire      0%         5d1       100%        9


Dungeon Overview and Level Annotations

Branches:
Dungeon (15/15)            Temple (1/1) D:6            Lair (6/6) D:10
 Shoals (1/4) Lair:3        Snake (0/4) Lair:3        Slime (0/5) Lair:5
    Orc (2/2) D:11            Elf (1/3) Orc:2        Vaults (0/5) D:13
 Depths (0/5) D:15

Altars:
Ashenzari
Cheibriados
Dithmenos
Elyvilon
Fedhas
Gozag
Hepliaklqana
Kikubaaqudgha
Makhleb
Nemelex Xobeh
Okawaru
Qazlal
Ru
Sif Muna
Trog
Uskayaw
Vehumet
Wu Jian
Xom
Yredelemnul
Zin
The Shining One
Beogh

Shops:
D:4 ?   D:5 =(   D:8 !   Orc:2 :(!(

Annotations:
D:6 2 transporters
Lair:2 exclusion: 2 oklob plants


Innate Abilities, Weirdness & Mutations

You have a pair of horns on your head.
You reflexively headbutt those who attack you in melee.
You have a beak for a mouth.
Your magical capacity is low. (-10% MP)
You passively map a small area around you.


Message History

You slash the deep elf zephyrmancer!
The deep elf demonologist gestures wildly while chanting.
The deep elf zephyrmancer barely misses you.
You furiously retaliate!
You headbutt the deep elf zephyrmancer.
The deep elf zephyrmancer gestures at you while chanting.
The bolt of lightning misses you.
You hear a shout! x2
You barely miss the deep elf zephyrmancer.
Your peck misses the deep elf zephyrmancer.
The deep elf zephyrmancer is almost dead.
You closely miss the deep elf zephyrmancer.
You slice the reaper!!
You block the deep elf zephyrmancer's attack.
The deep elf zephyrmancer hits you but does no damage.
The reaper hits you with a +3 scythe of venom!!
You are poisoned.
A deep elf zephyrmancer comes into view.
It is wielding a +0 long sword.
You feel very sick.
The deep elf zephyrmancer shouts!
The deep elf zephyrmancer mumbles some strange words.
The deep elf zephyrmancer blinks!
A deep elf knight comes into view. It is wielding a +0 scimitar.
The deep elf zephyrmancer gestures at you while chanting.
The bolt of lightning hits you! The bolt of lightning hits you!!
* * * LOW HITPOINT WARNING * * *
The reaper hits you but does no damage.
You are more poisoned.
A deep elf pyromancer comes into view. It is wielding a +0 dagger.
The deep elf demonologist hits you but does no damage.
The deep elf zephyrmancer moves out of view.
Blink to where?
Press: ? - help, Dir - move target
As you read the scroll of blinking, it crumbles to dust.
You feel very sick.
The deep elf zephyrmancer casts a spell.
The deep elf zephyrmancer blinks!
You feel very sick.
The deep elf zephyrmancer gestures at you while chanting.
The bolt of lightning hits you!!
You die...

##....###.ee..#.⌠.<.⌠.#
#...#* #^§e..#.)))...# *
#...#* #.2...#.......# ...#
##....#.#####.# #. ..#
#....#....?..##... * .#
#.#..#.......#.... *
#.#..#.⌠...⌠.#....
#.##.#.......#.... ,
#@####.......#....
#.#######'####....
#...####.(........
#######.#.##............
#.......................
##.#.####+####.#)#.....#.
#....#.......#...##...##.
#..###.#...#.###.#.......
###..#...........#.#.....##


You could see a reaper (summoned) and a deep elf zephyrmancer.

Vanquished Creatures
  A deep elf sorcerer (Elf:1)
  An ironbound preserver (D:13)
  Nessos (D:15)
  A deep elf annihilator (Elf:1)
  Harold (D:9)
  Fannar (D:10)
  An ice dragon (Lair:6)
  9 hydras
  3 centaur warriors
  4 boulder beetles
  A death knight (D:13)
  An ogre mage (D:15)
  19 two-headed ogres
  2 dancing weapons
  4 death yaks
  2 tengu warriors (D:13)
  9 orc high priests
  2 deep elf knights (Elf:1)
  Nergalle (Lair:3)
  Sonja (Lair:1)
  A fire crab (Lair:5)
  4 skeletal warriors (D:14)
  3 sea snakes (Shoals:1)
  2 wizards (D:15)
  4 deep elf zephyrmancers (Elf:1)
  2 lindwurms (Lair:6)
  Pikel (D:4)
  A necromancer (D:15)
  3 orc knights
  12 deep elf pyromancers
  A shining eye (shapeshifter) (Elf:1)
  3 ugly things
  2 orc sorcerers (D:15)
  12 fauns (Shoals:1)
  4 manticores
  5 cyclopes
  3 black mambas
  14 elephants
  2 merfolk sirens (Shoals:1)
  A naga mage (D:15)
  5 torpor snails (Lair:6)
  11 cane toads
  A water nymph (Shoals:1)
  7 rime drakes
  14 komodo dragons
  An efreet (D:14)
  A tengu conjurer (D:13)
  A merfolk (Shoals:1)
  9 trolls
  A jumping spider (shapeshifter) (D:13)
  9 hornets
  A queen bee (Lair:2)
  3 tyrant leeches (Lair:6)
  15 polar bears
  3 slime creatures (Lair:5)
  7 dream sheep
  24 blink frogs
  A snapping turtle (Lair:3)
  4 raiju (Lair:6)
  2 centaur simulacra (D:15)
  A spriggan (Lair:5)
  A vampire (D:12)
  5 water elementals
  2 wraiths
  5 wyverns
  3 fire bats (Lair:1)
  57 yaks
  A fire elemental (Lair:1)
  11 basilisks
  A steam dragon (Lair:2)
  8 vampire mosquitoes
  12 wargs
  2 acid dragons
  13 hell hounds (Lair:6)
  16 water moccasins
  16 black bears
  A sky beast (D:8)
  17 orc warriors
  10 ogres
  35 wolves
  A phantom (D:5)
  8 centaurs
  14 bullfrogs
  A gnoll sergeant (D:11)
  9 scorpions
  29 killer bees
  9 wights
  7 electric eels (D:13)
  A howler monkey (D:12)
  3 centaur zombies
  3 hounds
  2 gnoll shamans
  4 centaur skeletons
  33 orc priests
  2 jellies
  Crazy Yiuf (D:5)
  A bullfrog skeleton (D:5)
  2 iguanas
  3 hell rats
  12 orc wizards
  23 gnolls
  9 adders
  2 river rats (D:10)
  An ufetubus (D:5)
  An adder skeleton (D:4)
  A worm (D:2)
  The ghost of DocClef the Covert, a weakling GnDe (D:4)
  A dart slug (D:1)
  87 orcs
  6 bats
  5 endoplasms
  5 giant cockroaches
  10 goblins
  5 hobgoblins
  22 jackals
  5 quokkas
  3 ball pythons
  5 frilled lizards
  7 kobolds
  4 rats
830 creatures vanquished.

Vanquished Creatures (others)
  A water elemental (Elf:1)
  54 fungi
  91 plants
146 creatures vanquished.

Grand Total: 976 creatures vanquished

Notes
Turn   | Place    | Note
-------+----------+-------------------------------------------
     0 | D:1      | ZombieSheep the Minotaur Fighter began the quest for the
                  | Orb.
     0 | D:1      | Reached XP level 1. HP: 19/19 MP: 0/0
   362 | D:1      | Reached XP level 2. HP: 27/27 MP: 1/1
   690 | D:1      | Reached skill level 1 in Dodging
   903 | D:1      | Reached XP level 3. HP: 32/33 MP: 2/2
  1218 | D:2      | Reached XP level 4. HP: 35/40 MP: 3/3
  1481 | D:2      | Found a faded altar of an unknown god.
  2033 | D:3      | Found a bloodstained altar of Trog.
  2049 | D:3      | Reached XP level 5. HP: 14/47 MP: 4/4
  3005 | D:3      | Identified a scroll of acquirement
  3005 | D:3      | Acquired a manual of Fighting
  3035 | D:4      | Found Hinem's Magic Scroll Shoppe.
  3035 | D:4      | Found a transporter.
  3035 | D:4      | Noticed an orc warrior
  3043 | D:4      | Reached skill level 5 in Axes
  3081 | D:4      | Noticed DocClef's ghost (weakling GnDe)
  3085 | D:4      | Bought a scroll of identify for 28 gold pieces
  3085 | D:4      | Bought a scroll of identify for 28 gold pieces
  3085 | D:4      | Bought a scroll of identify for 28 gold pieces
  3091 | D:4      | Found a transporter.
  3108 | D:4      | Reached skill level 5 in Fighting
  3108 | D:4      | Reached XP level 6. HP: 43/56 MP: 5/5
  3416 | D:4      | Noticed Pikel
  3426 | D:4      | Killed Pikel
  3427 | D:4      | Reached skill level 5 in Armour
  3427 | D:4      | Reached XP level 7. HP: 10/64 MP: 6/6
  3947 | D:5      | Entered Level 5 of the Dungeon
  3983 | D:5      | Reached XP level 8. HP: 27/73 MP: 7/7
  4108 | D:5      | Found Wuati's Antique Weapon Shoppe.
  4271 | D:5      | Found a runed translucent door.
  4272 | D:5      | Noticed Crazy Yiuf
  4312 | D:5      | Killed Crazy Yiuf
  4778 | D:5      | Found Ephibivi's Jewellery Boutique.
  5019 | D:6      | Reached skill level 5 in Dodging
  5111 | D:6      | Found a transporter.
  5133 | D:6      | Found a staircase to the Ecumenical Temple.
  5155 | Temple   | Entered the Ecumenical Temple
  5447 | Temple   | Became a worshipper of Warmaster Okawaru
  5544 | D:6      | Reached skill level 1 in Invocations
  5704 | D:6      | Found a transporter.
  5954 | D:7      | Reached XP level 9. HP: 76/83 MP: 9/9
  5961 | D:7      | Reached * piety under Okawaru
  6937 | D:8      | Reached skill level 10 in Fighting
  6956 | D:8      | Reached ** piety under Okawaru
  7259 | D:8      | Found Vuclot's Distillery.
  7271 | D:8      | Bought a potion of curing for 36 gold pieces
  7271 | D:8      | Bought a potion of haste for 120 gold pieces
  7271 | D:8      | Bought a potion of heal wounds for 60 gold pieces
  7271 | D:8      | Bought a potion of berserk rage for 60 gold pieces
  7285 | D:8      | Found a glowing golden altar of the Shining One.
  7536 | D:8      | Reached XP level 10. HP: 88/92 MP: 10/12
  7542 | D:8      | Reached skill level 10 in Axes
  8022 | D:9      | Reached *** piety under Okawaru
  8148 | D:9      | Paralysed by a hornet for 3 turns
  8156 | D:9      | Paralysed by a hornet for 3 turns
  8221 | D:9      | Noticed Harold
  8243 | D:9      | Killed Harold
  8243 | D:9      | Reached **** piety under Okawaru
  8343 | D:9      | Reached skill level 5 in Invocations
  8497 | D:9      | Identified the +2 quarterstaff of Jeijoash {flame, rN+}
  8672 | D:9      | Noticed a two-headed ogre
  8676 | D:9      | Killed a two-headed ogre
  8945 | D:10     | Entered Level 10 of the Dungeon
  9012 | D:10     | Identified the +1 kite shield of Hepliaklqana's Envy {rPois
                  | Dex+4}
  9042 | D:10     | Noticed a death yak
  9042 | D:10     | Noticed a death yak
  9064 | D:9      | Killed a death yak
  9099 | D:10     | Noticed a death yak
  9109 | D:9      | Killed a death yak
  9109 | D:9      | Reached ***** piety under Okawaru
  9110 | D:9      | Reached XP level 11. HP: 102/105 MP: 14/14
  9121 | D:9      | Killed a death yak
  9122 | D:9      | Reached skill level 10 in Armour
  9144 | D:10     | Found a staircase to the Lair.
  9163 | D:10     | Received a gift from Okawaru
  9402 | D:10     | Noticed Fannar
  9428 | D:10     | Killed Fannar
  9623 | Lair:1   | Entered Level 1 of the Lair of Beasts
  9877 | Lair:1   | Acquired the amulet "Tetim" {Reflect +Blink SH+5}
  9983 | Lair:1   | Reached skill level 1 in Evocations
 10180 | Lair:1   | Noticed Sonja
 10200 | Lair:1   | Killed Sonja
 10200 | Lair:1   | Received a gift from Okawaru
 11210 | Lair:2   | Reached XP level 12. HP: 73/118 MP: 15/15
 12709 | Lair:2   | Noticed a seven-headed hydra
 12724 | Lair:2   | Killed a seven-headed hydra
 12725 | Lair:2   | Reached skill level 10 in Dodging
 13078 | Lair:2   | Reached skill level 15 in Fighting
 13480 | Lair:2   | Reached ****** piety under Okawaru
 13663 | Lair:2   | Identified the +0 pair of boots "Iquh Ceude" {rF+ rN+++
                  | Will- Dex+2} (Okawaru gifted it to you on level 2 of the
                  | Lair of Beasts)
 13663 | Lair:2   | Received a gift from Okawaru
 14153 | Lair:3   | Found a staircase to the Snake Pit.
 14162 | Lair:3   | Noticed a death yak
 14185 | Lair:2   | Killed a death yak
 14405 | Lair:3   | Noticed a four-headed hydra
 14418 | Lair:3   | Killed a four-headed hydra
 14509 | Lair:3   | Reached skill level 5 in Evocations
 14689 | Lair:3   | Noticed Nergalle
 14705 | Lair:3   | Reached XP level 13. HP: 114/127 MP: 5/16
 14713 | Lair:3   | Killed Nergalle
 15617 | Lair:3   | Found a staircase to the Shoals.
 16279 | Lair:4   | Received a gift from Okawaru
 16280 | Lair:4   | Found the +4 robe of Folly {Brilliance Will-∞ Int+8}
 16399 | Lair:4   | Identified the +5 ring mail of Teumm {rC+++}
 17378 | Lair:5   | Found a staircase to the Slime Pits.
 17673 | Lair:5   | Identified the +2 great sword of Pama {venom, Int+4}
 18131 | Lair:5   | Received a gift from Okawaru
 19248 | Lair:6   | Entered Level 6 of the Lair of Beasts
 19254 | Lair:6   | Reached XP level 14. HP: 116/135 MP: 19/19
 20397 | Lair:6   | Found a runed translucent door.
 20474 | Lair:6   | Received a gift from Okawaru
 20856 | Lair:6   | Paralysed by a hornet for 2 turns
 22636 | D:4      | Killed DocClef's ghost
 22915 | D:11     | Received a gift from Okawaru
 22916 | D:11     | Reached skill level 15 in Axes
 23675 | D:11     | Found a staircase to the Orcish Mines.
 24017 | D:12     | You fall into a shaft and drop 3 floors!
 24017 | D:15     | Entered Level 15 of the Dungeon
 24021 | D:15     | Reached XP level 15. HP: 131/141 MP: 21/21
 24290 | D:15     | Found a blossoming altar of Fedhas.
 24666 | D:15     | Noticed Nessos
 24672 | D:15     | Killed Nessos
 25240 | D:14     | Found a hide-covered altar of Uskayaw.
 25265 | D:14     | Reached skill level 10 in Invocations
 26449 | D:12     | Identified the +0 quarterstaff of Etohiffyara {vamp, Will-
                  | Int+6 Stlth+}
 26780 | D:12     | Identified the +11 hand axe of Theory {drain, *Rage Fly
                  | Str+9 Int+4} (Okawaru gifted it to you on level 12 of the
                  | Dungeon)
 26780 | D:12     | Received a gift from Okawaru
 26916 | D:12     | Paralysed by something for 7 turns
 27677 | D:13     | Reached skill level 15 in Armour
 27853 | D:13     | Found a gate to the Vaults.
 28096 | D:13     | Identified the +9 executioner's axe of Mutualism {pain, rF+
                  | Will+ Int+4} (Okawaru gifted it to you on level 13 of the
                  | Dungeon)
 28096 | D:13     | Received a gift from Okawaru
 29168 | D:15     | Found a staircase to the Depths.
 29242 | D:15     | Received a gift from Okawaru
 29910 | Orc:1    | Entered Level 1 of the Orcish Mines
 30110 | Orc:2    | Entered Level 2 of the Orcish Mines
 30141 | Orc:2    | Found a staircase to the Elven Halls.
 30167 | Elf:1    | Entered Level 1 of the Elven Halls
 30333 | Orc:1    | Found a bloodstained altar of Trog.
 30943 | Orc:2    | Reached XP level 16. HP: 138/149 MP: 23/23
 31722 | Orc:2    | Found Gekla's Antique Weapon Emporium.
 31722 | Orc:2    | Found Dezax's Distillery.
 32283 | Orc:2    | Found Kife's Antique Weapon Emporium.
 32283 | Orc:2    | Found Zuasas's Book Boutique.
 32414 | Orc:2    | Bought a potion of heal wounds for 60 gold pieces
 32414 | Orc:2    | Bought a potion of might for 48 gold pieces
 32570 | Shoals:1 | Entered Level 1 of the Shoals
 32595 | Shoals:1 | Received a gift from Okawaru
 32767 | Shoals:1 | Reached skill level 10 in Evocations
 32875 | Shoals:1 | Found a flickering gateway to a bazaar.
 32887 | Bazaar   | Entered a bazaar
 33175 | Bazaar   | Found Oppozot's Antique Weapon Boutique.
 33179 | Bazaar   | Found Yfu Zato's Antique Armour Boutique.
 33179 | Bazaar   | Found Kuovvur's Magic Scroll Boutique.
 33180 | Bazaar   | Found Qingoy's General Store.
 33212 | Bazaar   | Bought a scroll of blinking for 97 gold pieces
 33212 | Bazaar   | Bought a scroll of blinking for 97 gold pieces
 33212 | Bazaar   | Bought a scroll of blinking for 97 gold pieces
 33212 | Bazaar   | Bought a scroll of magic mapping for 45 gold pieces
 33220 | Bazaar   | Bought a scroll of blinking for 75 gold pieces
 33220 | Bazaar   | Bought a scroll of blinking for 75 gold pieces
 33220 | Bazaar   | Bought a potion of heal wounds for 50 gold pieces
 33220 | Bazaar   | Bought a scroll of enchant armour for 75 gold pieces
 33233 | Bazaar   | Bought a glowing chain mail for 112 gold pieces
 33233 | Bazaar   | Bought a brightly glowing scale mail for 135 gold pieces
 33233 | Bazaar   | Identified the +4 scale mail of Misanthropy {rPois} (You
                  | bought it in a shop in a bazaar)
 33256 | Bazaar   | Bought a jewelled great mace for 207 gold pieces
 33256 | Bazaar   | Identified the +4 great mace of Pietoef {flame, rPois rC+
                  | Str+3 Int+2} (You bought it in a shop in a bazaar)
 34064 | Elf:1    | Gained mutation: You have a pair of large horns on your
                  | head. [potion of mutation]
 34064 | Elf:1    | Gained mutation: You expend magic power (3 MP) to
                  | strengthen your wands. [potion of mutation]
 34064 | Elf:1    | Gained mutation: You have a beak for a mouth. [potion of
                  | mutation]
 34065 | Elf:1    | Lost mutation: You have a pair of large horns on your head.
                  | [potion of mutation]
 34065 | Elf:1    | Lost mutation: You expend magic power (3 MP) to strengthen
                  | your wands. [potion of mutation]
 34065 | Elf:1    | Gained mutation: You passively map a small area around you.
                  | [potion of mutation]
 34105 | Elf:1    | Gained mutation: Your magical capacity is low. (-10% MP) [a
                  | shining eye]
 34198 | Elf:1    | Got the Disquisition on Confrontation
 34203 | Elf:1    | Got Ohef's Disquisition on Earthen Lightness
 34367 | Elf:1    | Killed from afar by a deep elf zephyrmancer

Illustrated notes

Levels and vault maps discovered:
D:1:      lightli_arrival_lavapool, layout_loops_corners
D:2:      layout_basic, basic_ecumenical_altar, minmay_split_cup_small
D:3:      layout_basic, serial_glass, glass_columns_c, glass_columns_b,
          glass_columns_a, kennysheep_flooded_box
D:4:      layout_loops_ring, gammafunk_ghost_arena, serial_shops, shop_scrolls,
          uniq_pikel
D:5:      layout_basic, serial_shops, kennysheep_mini, shop,
          uniq_crazy_yiuf_cottage
D:6:      gammafunk_cloud_chamber, layout_basic, temple_doors_cd,
          serial_aquarium, aquarium_bridge_square [aquarium_subvault_window,
          aquarium_subvault_bridge, aquarium_subvault_wall,
          aquarium_subvault_balcony], aquarium_window_fake, aquarium_window_1,
          aquarium_window_2, aquarium_view_2b, aquarium_balcony_double_4
D:7:      layout_basic, minmay_misc_feat_tiny, minmay_misc_feat_roman
D:8:      layout_basic, nicolae_tso_swordbearing_angel, serial_shops, shop,
          minmay_diced_spiral
D:9:      layout_stronghold, grunt_ministairs_5, uniq_harold
D:10:     layout_cave_pools, dpeg_lair_monsters, uniq_fannar
D:11:     layout_loops_ring, david_orc_3, corexii_leaking_fountain
D:12:     layout_irregular_city, portal_ice_cave_rime
D:13:     layout_basic, skrybe_vaults_entry_preservation
D:14:     layout_basic, nicolae_uskayaw_dance_hall
D:15:     grunt_enter_depths_magical_seal, layout_loops_corners, fedhas_altar_2,
          uniq_nessos
Temple:   roderic_octagonal_lattice_temple
Lair:1:   layout_gridlike, beast_lair_carwin_9, grunt_megastairs_1,
          infiniplex_staircase_pool_2, uniq_sonja
Lair:2:   regret_index_wax_grids, layout_cave_shapes,
          grunt_forest_small_clearings, serial_bayou_pond_d,
          minmay_lair_oklob_chamber
Lair:3:   layout_hall_layers, minmay_shoals_entry_hut, dummy_snake_entry,
          st_stairs_4, beast_lair_carwin_8, uniq_nergalle
Lair:4:   layout_regular_city
Lair:5:   layout_layer_cave, minmay_slime_entry_pillars, forest_entry_grove
Lair:6:   hangedman_lair_caniforms_friends, layout_misc_corridors, wormcave
Shoals:1: layout_shoals, serial_shops, bzr_entry_lakeside
Orc:1:    layout_caves, trog_butcher_becter
Orc:2:    st_orc_town, layout_caves
Elf:1:    nicolae_elf_arrival_fired_up, layout_loops_ring, serial_shops, shop,
          minmay_elf_demonology, minmay_elf_annihilation

Skill      XL: |  1  2  3  4  5  6  7  8  9 10 11 12 13 14 15 16 |
---------------+-------------------------------------------------+-----
Axes           | 3 4 5 6 7 9 11 12 13 14 15 16 | 16.6
Dodging        | 1 2 3 4 5 6 8 9 10 11 13 14 | 14.5
Armour         | 4 5 6 7 8 9 11 12 13 14 15 16 | 16.0
Fighting       | 4 5 6 7 9 10 12 14 15 | 15.9
Invocations    | 1 4 5 6 8 9 10 11 | 11.5
Evocations     | 2 5 6 8 9 10 | 10.0
Shields        | |  3.6

Action                   |  1- 3 |  4- 6 |  7- 9 | 10-12 | 13-15 | 16-18 || total
-------------------------+-------+-------+-------+-------+-------+-------++-------
Melee: War axe           |    68 |   111 |   219 |    94 |     9 |       ||   501
       Headbutt          |     4 |     9 |    49 |   121 |   335 |    75 ||   593
       Battleaxe         |       |       |       |   427 |   945 |       ||  1372
       Whip              |       |       |       |    16 |    60 |       ||    76
       Executioner's axe |       |       |       |       |   141 |   273 ||   414
       Peck              |       |       |       |       |       |    22 ||    22
Invok: Heroism           |       |       |       |     2 |     1 |     1 ||     4
       Finesse           |       |       |       |     1 |     1 |       ||     2
 Abil: Evoke Blink       |       |       |       |       |       |     1 ||     1
Evoke: Wand              |       |       |       |     2 |     1 |       ||     3
  Use: Scroll            |     3 |     5 |     4 |     9 |     6 |     5 ||    32
       Potion            |       |     1 |       |     5 |       |     3 ||     9
 Stab: Paralysed         |       |       |       |     1 |     2 |       ||     3
Armor: Scale mail        |    47 |    21 |       |       |       |       ||    68
       Chain mail        |       |    50 |   112 |   173 |       |    69 ||   404
       Plate armour      |       |       |       |   139 |   644 |    72 ||   855
Dodge: Dodged            |    51 |    63 |    94 |   327 |   705 |   224 ||  1464
Block: Other             |       |       |       |    61 |   253 |    58 ||   372
       Reflection        |       |       |       |       |     7 |     7 ||    14
